 Dungeon Crawl Stone Soup version 0.20.0-15-g7f486f2 (webtiles) character file.

2791 Gorglomux the Fighter (level 9, -9/111 HPs)
             Began as an Ogre Gladiator on June 10, 2017.
             Was an Initiate of Gozag.
             Mangled by an orc warrior
             ... wielding a +0 war axe
              (22 damage)
             ... on level 6 of the Dungeon.
             The game lasted 00:08:27 (7583 turns).

Gorglomux the Fighter (Ogre Gladiator)              Turns: 7583, Time: 00:08:28

Health: -9/111     AC:  5    Str: 20    XL:     9   Next: 71%
Magic:  9/9        EV: 10    Int: 10    God:    Gozag
Gold:   610        SH:  0    Dex: 12    Spells: 8/8 levels left

rFire    + . .     SeeInvis .   W - +0 halberd
rCold    + . .     Gourm    .   (shield currently unavailable)
rNeg     + . .     Faith    .   E - +2 robe {rC+ rF+}
rPois    .         Spirit   .   J - +0 hat
rElec    .         Reflect  .   (no cloak)
rCorr    .         Harm     .   (gloves unavailable)
MR       .....                  (boots unavailable)
Stlth    +.........             (no amulet)
Regen    0.3/turn               X - ring of positive energy
MPRegen  0.2/turn               H - ring of wizardry

@: drained
A: unfitting armour, tough skin 1
a: Potion Petition, Call Merchant, Bribe Branch, Renounce Religion


You were on level 6 of the Dungeon.
You worshipped Gozag.
Gozag was pleased with you.
You were not hungry.

You visited 2 branches of the dungeon, and saw 8 of its levels.

You collected 667 gold pieces.
You paid 57 gold pieces to Gozag.

Inventory:

Hand Weapons
 a - a +0 trident
 W - a +0 halberd (weapon)
Missiles
 Z - 2 throwing nets (quivered)
Armour
 b - a +0 robe
 E - a +2 robe of resistance (worn)
 J - a +0 hat (worn)
Jewellery
 c - an uncursed ring of protection from cold
 H - a ring of wizardry (right hand)
 X - a ring of positive energy (left hand)
Wands
 L - a wand of lightning (9/15)
 S - a wand of scattershot (0/9)
Scrolls
 D - 2 scrolls of enchant armour {unknown}
 I - a scroll of fear
 M - a scroll of magic mapping
 O - 2 scrolls of immolation
 R - 2 scrolls of identify
 U - a scroll of remove curse {unknown}
Potions
 C - a potion of resistance {unknown}
 F - a potion of heal wounds
 G - a potion of might {unknown}
 N - a potion of invisibility {unknown}
 P - 2 potions of flight
 Q - 2 potions of curing
 T - a potion of degeneration {unknown}
Books
 B - a book of Minor Magic

   Spells                             Type                      Level
   a - Magic Dart                     Conjuration                  1
   b - Blink                          Translocation                2
   c - Call Imp                       Summoning                    2
   d - Slow                           Hexes                        2
   e - Conjure Flame                  Conjuration/Fire             3
   f - Mephitic Cloud                 Conjuration/Poison/Air       3
 K - a book of Callings

   Spells                             Type                      Level
   a - Summon Small Mammal            Summoning                    1
   b - Call Imp                       Summoning                    2
   c - Call Canine Familiar           Summoning                    3
   d - Summon Guardian Golem          Hexes/Summoning              3
   e - Summon Lightning Spire         Summoning/Air                4
   f - Summon Ice Beast               Ice/Summoning                4
Comestibles
 f - 6 bread rations
 V - 4 royal jellies
 Y - 3 fruits


   Skills:
 + Level 13.8(12.6) Fighting
 + Level 11.3(10.2) Polearms
 - Level 2.0(1.1) Throwing
 - Level 2.6(1.8) Dodging


You had 8 spell levels left.
You didn't know any spells.

Dungeon Overview and Level Annotations

Branches:
Dungeon (7/15)             Temple (1/1) D:5

Altars:
Ashenzari
Dithmenos
Elyvilon
Gozag
Hepliaklqana
Kikubaaqudgha
Makhleb
Nemelex Xobeh
Okawaru
Trog
Uskayaw
Xom
Yredelemnul
The Shining One

Annotations:
D:7 Torious's ghost, novice DECj


Innate Abilities, Weirdness & Mutations

You are too large for most types of armour.
You have tough skin. (AC +1)


Message History

The orc warrior is almost dead.
You closely miss the orc warrior.
The orc warrior is almost dead.
The orc warrior hits you with a war axe!
* * * LOW HITPOINT WARNING * * *
The orc barely misses you.
You closely miss the orc warrior.
The orc warrior is almost dead.
The orc barely misses you.
The orc warrior hits you with a war axe!!
* * * LOW HITPOINT WARNING * * *
You closely miss the orc warrior.
The orc warrior is almost dead.
The orc hits you but does no damage.
Unknown command.
You barely miss the orc warrior.
The orc warrior is almost dead.
The orc warrior hits you with a war axe!!
You die...
Your body crumbles into a pile of gold.

.(...#### #..........)#.#.
.....>..# #...#######.....
.....##.# ##.## #..... .....##.#
#.# #..... .....##[# #.# #.#...
#######.# ######.### #.....
#####[######........# ###.##
#..........#.####.#.# ##'##
#.###..#.#.#.#@o....# ##.(.# #
#.##.........#o##.#.# ##....>
###.##.#.#.#.#.#......# ##......
.##.#........#.#......####.......
.'.(.....................+.......
.##.####...###........####.......
###.###.....##........# ##......
# #..#.8...8.##.#..#### ##.....
##..........#.#..# ##...#


You could see an orc warrior and an orc.

Vanquished Creatures
  The ghost of Quirk the Slasher, a novice VSFi (D:4)
  6 sky beasts
  An ice beast (D:5)
  2 orc warriors (D:6)
  A centaur (D:5)
  3 ogres
  3 bullfrogs (D:6)
  A gnoll sergeant (D:6)
  A scorpion (D:7)
  5 wights (D:6)
  A howler monkey (D:5)
  A crimson imp (D:5)
  A bullfrog zombie (D:5)
  A centaur zombie (D:6)
  A quasit (D:5)
  2 hounds (D:5)
  2 centaur skeletons
  3 orc wizards
  An iguana (D:5)
  5 worker ants
  13 gnolls
  5 adders
  A howler monkey skeleton (D:4)
  A shadow imp (D:6)
  2 adder skeletons (D:6)
  A worm (D:2)
  2 leopard geckos
  9 orcs
  3 giant cockroaches
  10 goblins
  4 hobgoblins
  3 jackals (D:3)
  3 quokkas
  7 bats
  3 frilled lizards
  11 kobolds
  7 rats
127 creatures vanquished.

Notes
Turn   | Place    | Note
-------+----------+-------------------------------------------
     0 | D:1      | Gorglomux the Ogre Gladiator began the quest for the Orb.
     0 | D:1      | Reached XP level 1. HP: 22/22 MP: 1/1
    26 | D:1      | Reached skill level 3 in Fighting
    67 | D:1      | Reached XP level 2. HP: 13/31 MP: 2/2
   415 | D:1      | Reached XP level 3. HP: 39/39 MP: 3/3
   807 | D:2      | Reached skill level 4 in Fighting
   972 | D:2      | Found a shadowy altar of Dithmenos.
  1261 | D:2      | Reached XP level 4. HP: 34/49 MP: 4/4
  2249 | D:3      | Reached skill level 5 in Fighting
  2276 | D:2      | Reached XP level 5. HP: 50/57 MP: 5/5
  2742 | D:4      | Noticed Quirk's ghost (novice VSFi)
  2757 | D:4      | HP: 2/57 [Quirk's ghost (6)]
  2799 | D:4      | Reached skill level 11 in Fighting
  2799 | D:4      | Reached skill level 9 in Polearms
  2799 | D:4      | Reached XP level 6. HP: 14/83 MP: 6/6
  2811 | D:4      | Killed Quirk's ghost
  2811 | D:4      | Reached skill level 12 in Fighting
  2811 | D:4      | Reached XP level 7. HP: 17/91 MP: 7/7
  3817 | D:5      | Entered Level 5 of the Dungeon
  3848 | D:5      | Found a staircase to the Ecumenical Temple.
  3885 | Temple   | Entered the Ecumenical Temple
  4014 | Temple   | Became a worshipper of Gozag Ym Sagoz the Greedy
  4084 | D:5      | Reached XP level 8. HP: 45/101 MP: 8/8
  4942 | D:5      | Reached skill level 13 in Fighting
  5489 | D:6      | Found a bloodstained altar of Trog.
  5511 | D:6      | Found a shattered altar of Ashenzari.
  5536 | D:6      | Reached XP level 9. HP: 104/110 MP: 9/9
  6271 | D:6      | Found a shadowy altar of Dithmenos.
  6627 | D:6      | HP: 4/110 [wight/scimitar of electrocution (3)]
  7535 | D:7      | Noticed Torious's ghost (novice DECj)
  7583 | D:6      | Mangled by an orc warrior

Skill      XL: |  1  2  3  4  5  6  7  8  9 |
---------------+----------------------------+-----
Fighting       | 3 4 5 11 12 13 | 13.8
Polearms       | 4 9 10 11 | 11.3
Throwing       | |  2.0
Dodging        | |  2.6

Action                   |  1- 3 |  4- 6 |  7- 9 || total
-------------------------+-------+-------+-------++-------
Melee: Trident           |    17 |       |       ||    17
       Halberd           |    94 |    85 |   281 ||   460
Throw: Throwing net      |     1 |       |       ||     1
Evoke: Wand              |       |     7 |       ||     7
  Use: Scroll            |       |     7 |     5 ||    12
       Potion            |       |     3 |     3 ||     6
 Stab: Held in net/web   |     1 |       |       ||     1
       Sleeping          |     1 |       |     2 ||     3
       Distracted        |       |       |     1 ||     1
  Eat: Chunk             |     1 |     5 |     3 ||     9
       Meat ration       |       |       |     3 ||     3
Armor: Robe              |    28 |    17 |    48 ||    93
Dodge: Dodged            |    47 |    56 |   110 ||   213
